AoeStats
← posteau.w

Arena

505514191Analyzed
2v2 RM · 22d ago on Sep 9, 2026· 39m 53s· 4 players
Game mode
Random Map
Map size
Medium (4 player)
Population
200
Speed
Normal
Resources
Standard
Victory
Conquest
Starting age
Dark Age
Ending age
Imperial Age
RankedLock teamsTeams togetherTeam positionsShared explorationLock speedFull tech treeHidden civsTurbo modeCheats
Victory
Defeat
🇨🇱 Byzantines · Chile
839
+9
🇧🇪 Franks · Belgium
744
+13
🇪🇸 Huns · Spain
703
-12
🇪🇸 Bulgarians · Spain
657
-10
posteau.w
12:08 Feudal Age
13:21 Double-Bit Axe
16:36 Castle Age
17:32 Bow Saw
17:15 Stone Mining
18:27 Loom
21:43 Wheelbarrow
21:48 Gold Mining
25:36 Hand Cart
26:47 Forging
26:42 Scale Barding Armor
27:38 Gold Shaft Mining
28:04 Husbandry
28:44 Iron Casting
32:40 Imperial Age
31:30 #83
32:03 Chain Barding Armor
34:28 Blast Furnace
34:03 Plate Barding Armor
34:00 Conscription
33:43 Chivalry
33:59 Cavalier
35:10 Paladin
36:20 Fletching
36:30 Padded Archer Armor
manu.mg.contacto
7:13 Loom
9:44 Feudal Age
11:00 Wheelbarrow
11:14 Double-Bit Axe
11:31 Horse Collar
18:29 Castle Age
16:45 Gold Mining
16:51 Stone Mining
20:47 Hand Cart
24:54 Heavy Plow
25:05 Bow Saw
24:29 Elite Skirmisher
29:02 Imperial Age
29:08 Squires
31:19 Chemistry
31:14 Ballistics
30:53 Pikeman
32:35 Halberdier
33:19 Light Cavalry
34:02 Husbandry
34:59 Hussar
38:17 Forging
38:08 Scale Mail Armor
Grimor91
11:42 Feudal Age
13:01 Double-Bit Axe
18:16 Castle Age
17:35 Horse Collar
18:12 Forging
19:51 Bow Saw
21:00 Gold Mining
23:27 Heavy Plow
24:32 Stone Mining
30:05 Imperial Age
28:29 Bloodlines
29:26 Stirrups
30:28 Murder Holes
33:13 Elite Konnik
34:24 Husbandry
33:45 Light Cavalry
38:32 Hussar
SaintJimmy_21
9:14 Feudal Age
11:24 Horse Collar
18:25 Castle Age
19:36 Double-Bit Axe
21:10 Heavy Plow
21:05 Double-Bit Axe
22:04 Gold Mining
22:14 Stone Mining
31:03 Imperial Age
29:12 Wheelbarrow
28:25 Loom
29:21 Bloodlines
29:12 Husbandry
30:13 Marauders
30:29 Bow Saw
30:58 Gold Shaft Mining
31:25 Forging
31:22 Scale Barding Armor
33:56 Two-Man Saw
36:05 Elite Tarkan
37:24 Iron Casting
37:10 Chain Barding Armor
Connection lost

Rejoining the realm…

Still unreachable

The connection could not be restored.

Session expired

The server has moved on; the page needs a fresh start.